 Dungeon Crawl Stone Soup version 0.21.1-1-g345015f (webtiles) character file.

60000 GrunderHorse the Blocker (level 14, -1/113 HPs)
             Began as a Gnoll Fighter on May 11, 2018.
             Was the Champion of Okawaru.
             Killed from afar by a rime drake (12 damage)
             ... with a flash freeze
             ... on level 6 of the Lair of Beasts.
             The game lasted 00:49:13 (24947 turns).

GrunderHorse the Blocker (Gnoll Fighter)           Turns: 24947, Time: 00:49:13

Health: -1/113     AC: 18    Str: 28    XL:     14   Next: 97%
Magic:  0/27       EV: 24    Int: 10    God:    Okawaru [******]
Gold:   1040       SH: 13    Dex: 37    Spells: 32/32 levels left

rFire    . . .     SeeInvis +   O - +3 whip (drain)
rCold    + + .     Gourm    .   K - +3 buckler
rNeg     . . .     Faith    .   M - +3 leather armour "Tygauvvus" {+Inv rC+ Str+6}
rPois    .         Spirit   +   h - +1 helmet
rElec    +         Reflect  .   E - +0 cloak
rCorr    .         Harm     .   G - +0 pair of gloves
MR       ++...     Rnd*Rage +   x - +1 pair of boots
Stlth    ++........             R - amulet "Yrghi" {Spirit Str+3 Dex+5 Stlth-}
HPRegen  0.28/turn              v - ring "Woolaec" {rElec Dex+6 SInv}
MPRegen  0.20/turn              X - ring "Cetetz" {rElec rC+ MR+ Dex+8}

@: mesmerised, very slow
A: distributed training, fangs 1, iridescent scales 1, berserk 1, clumsy 1,
sense surroundings 1, shaggy fur 1, strong nose
a: Heroism, Finesse, Renounce Religion, Evoke Invisibility


You were on level 6 of the Lair of Beasts.
You worshipped Okawaru.
Okawaru was exalted by your worship.
You were hungry.

You visited 3 branches of the dungeon, and saw 20 of its levels.

You collected 1295 gold pieces.
You spent 255 gold pieces at shops.

Inventory:

Hand Weapons
 A - the +10 fustibalus of Gipn {flame, Str+6, unknown}
   (Okawaru gifted it to you on level 5 of the Lair of Beasts)

   It causes projectiles fired from it to burn those they strike, causing extra
   injury to most foes and up to half again as much damage against particularly
   susceptible opponents.
   It affects your strength (+6).
 D - a +3 dagger of protection
 H - the +3 longbow of Massacring {flame, MR- MP+9 Str+4 SInv}
   (Okawaru gifted it to you on level 1 of the Lair of Beasts)

   It causes projectiles fired from it to burn those they strike, causing extra
   injury to most foes and up to half again as much damage against particularly
   susceptible opponents.
   It affects your strength (+4).
   It affects your resistance to hostile enchantments.
   It affects your magic capacity (+9).
   It lets you see invisible.
 O - a +3 whip of draining (weapon)
Missiles
 B - 5 throwing nets (quivered)
 Q - 134 arrows
 Z - 4 poisoned tomahawks
Armour
 h - a +1 helmet (worn)
 q - a +4 ring mail
 x - a +1 pair of boots (worn)
 E - a +0 cloak (worn)
 G - a +0 pair of gloves (worn)
 K - a +3 buckler (worn)
 M - the +3 leather armour "Tygauvvus" (worn) {+Inv rC+ Str+6}
   (You found it on level 2 of the Lair of Beasts)

   It affects your strength (+6).
   It protects you from cold.
   It lets you turn invisible.
Jewellery
 c - an uncursed ring of fire {unknown}
 v - the ring "Woolaec" (left hand) {rElec Dex+6 SInv}
   (You took it off a gnoll on level 4 of the Dungeon)

   [ring of dexterity]

   It affects your dexterity (+6).
   It insulates you from electricity.
   It lets you see invisible.
 y - an uncursed ring of protection from cold
 R - the amulet "Yrghi" (around neck) {Spirit Str+3 Dex+5 Stlth-}
   (You found it on level 9 of the Dungeon)

   [amulet of guardian spirit]

   It causes incoming damage to be split between your health and magic.
   It affects your strength (+3).
   It affects your dexterity (+5).
   It makes you less stealthy.
 T - the ring of Nepteagh {Ice +Fly Str+3 Int-2}
   (You found it on level 9 of the Dungeon)

   [ring of ice]

   It enhances your ice magic.
   It affects your strength (+3).
   It affects your intelligence (-2).
   It makes you vulnerable to fire.
   It protects you from cold.
   It lets you fly.
 U - a cursed -4 ring of evasion {unknown}
 X - the ring "Cetetz" (right hand) {rElec rC+ MR+ Dex+8}
   (You found it on level 3 of the Lair of Beasts)

   [ring of protection from cold]

   It affects your dexterity (+8).
   It protects you from cold.
   It insulates you from electricity.
   It affects your resistance to hostile enchantments.
Wands
 d - a wand of paralysis (14)
 k - a wand of iceblast (8)
 o - a wand of flame (29)
 s - a wand of digging (6)
 L - a wand of enslavement (17)
 S - a wand of random effects (27)
Scrolls
 a - a scroll of amnesia
 e - 12 scrolls of teleportation
 i - 7 scrolls of remove curse
 j - 6 scrolls of identify
 l - a scroll of blinking
 p - 7 scrolls of enchant armour
 t - 5 scrolls of enchant weapon
 z - 4 scrolls of fear
 J - 4 scrolls of magic mapping
 N - 2 scrolls of summoning
Potions
 b - 2 potions of mutation
 g - 4 potions of curing
 u - 3 potions of brilliance
 I - 2 potions of lignification
 P - a potion of haste
 Y - a potion of agility
Books
 m - a book of Enchantments

   Spells                             Type                      Level
   a - Cause Fear                     Hexes                        4
   b - Yara's Violent Unravelling     Hexes/Transmutation          5
   c - Silence                        Hexes/Air                    5
   d - Deflect Missiles               Charms/Air                   6
   e - Discord                        Hexes                        8
Miscellaneous
 C - a lamp of fire
Comestibles
 f - 32 rations


   Skills:
 + Level 11.3 Fighting
 + Level 9.5 Short Blades
 + Level 10.5 Long Blades
 + Level 9.5 Axes
 + Level 9.5 Maces & Flails
 + Level 9.5 Polearms
 + Level 9.5 Staves
 + Level 9.5 Slings
 + Level 9.5 Bows
 + Level 9.5 Crossbows
 + Level 9.5 Throwing
 + Level 11.3 Armour
 + Level 9.5 Dodging
 + Level 9.5 Stealth
 + Level 11.3 Shields
 + Level 9.5 Unarmed Combat
 + Level 9.5 Spellcasting
 + Level 7.9 Conjurations
 + Level 7.9 Hexes
 + Level 7.9 Charms
 + Level 7.9 Summonings
 + Level 7.9 Necromancy
 + Level 7.9 Translocations
 + Level 7.9 Transmutations
 + Level 7.9 Fire Magic
 + Level 7.9 Ice Magic
 + Level 7.9 Air Magic
 + Level 7.9 Earth Magic
 + Level 7.9 Poison Magic
 + Level 10.3 Invocations
 + Level 9.5 Evocations


You had 32 spell levels left.
You didn't know any spells.

Dungeon Overview and Level Annotations

Branches:
Dungeon (13/15)            Temple (1/1) D:6            Lair (6/6) D:11
  Swamp (0/4) Lair:4       Spider (0/4) Lair:2          Orc (0/2) D:9
  Slime: Lair:5-6    Vaults: D:13-14

Altars:
Ashenzari
Dithmenos
Elyvilon
Fedhas
Gozag
Kikubaaqudgha
Nemelex Xobeh
Okawaru
Qazlal
Uskayaw
Vehumet
Xom
Zin
The Shining One

Shops:
D:8 *   D:10 [

Annotations:
D:9 bande's ghost, journeyman GrFi
D:11 GLAIVE BEHIND GLASS
D:12 Taba's ghost, journeyman HOMo
Lair:1 exclusion: 4 oklob plants


Innate Abilities, Weirdness & Mutations

Your experience applies equally to all skills.
You have very sharp teeth.
Your uncanny sense of smell can sniff out nearby items.
You are partially covered in iridescent scales. (AC +2)
You tend to lose your temper in combat.
You are clumsy. (Dex -2)
You passively map a small area around you.
You are covered in fur. (AC +1)


Message History

The rime drake bites you but does no damage.
You hit the merfolk avatar.
The merfolk avatar is moderately wounded.
The merfolk avatar chants its luring song.
You block the polar bear's attack. The polar bear closely misses you.
The polar bear claws you but does no damage.
You block the rime drake's attack.
Unknown command.
Your unstable footing causes you to fumble your attack.
The ice encasing you melts away. The drowned soul touches you.
The drowned soul drowns you!
* * * LOW HITPOINT WARNING * * *
The drowned soul touches you. The drowned soul drowns you!
* * * LOW HITPOINT WARNING * * *
The merfolk avatar chants its luring song.
The polar bear completely misses you. The polar bear misses you.
You block the polar bear's attack. The rime drake breathes ice at you.
The flash freeze hits you! You partially resist.
You die...

* * ################≈##≈. , **
#8P≈≈P≈≈≈≈8#8≈≈#≈#.≈. ≈
≈#≈≈≈≈≈P≈≈≈≈#≈≈≈≈≈≈≈≈. *≈≈
#≈≈≈≈≈≈≈≈≈≈#≈≈≈≈≈≈≈≈.
≈P≈#≈≈≈≈≈≈≈≈≈≈#≈≈≈≈≈##≈. ,
*≈≈≈≈≈≈≈$([)≈≈≈#≈≈≈.≈.#.. ≈
≈8≈≈≈≈≈)WW$≈≈≈.≈#≈P≈≈≈≈. ≈
≈8≈≈≈≈≈)h≈%P≈≈#≈≈≈≈≈P≈..
≈≈≈≈≈≈m@W[/≈≈≈.≈#≈#≈##≈.
*≈≈≈#≈≈≈k≈≈≈≈≈≈#≈≈≈≈≈##.. ≈ ,
≈#≈≈≈≈≈≈≈≈≈≈#≈≈≈≈≈≈≈.. ..≈≈≈ ≈
≈#≈≈≈≈≈≈#≈≈≈#≈≈≈≈≈≈≈.. # ..≈#.≈#
#.≈≈≈≈≈≈≈≈≈#8≈P.≈##..
.+...##≈###########.########≈##≈.
.....≈≈≈P≈≈≈≈≈≈H†P≈≈≈≈≈≈≈≈≈≈≈P≈..
.#..≈≈≈≈≈≈≈≈≈≈P≈≈≈k≈≈≈≈≈≈≈≈≈≈≈≈..
#...≈.#≈≈..≈≈##≈P##≈≈##≈≈##≈≈##..


You could see a merfolk avatar, a polar bear, a rime drake and 3 drowned souls.

Vanquished Creatures
  Gastronok (Lair:2)
  Josephine (Lair:6)
  Snorg (Lair:4)
  Harold (Lair:2)
  An ice dragon (Lair:5)
  A catoblepas (Lair:6)
  The ghost of Morgon the Carver, a journeyman DrMo of Yredelemnul (D:8)
  5 hydras
  A two-headed ogre (D:13)
  6 death yaks
  A slime creature (D:10)
  2 sea snakes
  An unseen horror (D:10)
  Pikel (D:5)
  2 harpies (Lair:6)
  4 lindwurms (D:9)
  An ugly thing (D:12)
  A manticore (D:13)
  An ice statue (Lair:5)
  12 elephants
  3 gargoyles
  A torpor snail (Lair:3)
  4 black mambas
  9 spiny frogs
  A kobold demonologist (D:12)
  11 komodo dragons
  3 rime drakes (Lair:6)
  The ghost of Ajohnson the Covered, a novice GrFi (D:5)
  3 trolls
  A merfolk (D:12)
  A wind drake (Lair:6)
  A hornet (Lair:6)
  7 polar bears
  13 blink frogs
  6 hippogriffs
  3 wyverns
  A vampire (D:12)
  Eustachio (D:5)
  5 wraiths
  34 yaks
  3 basilisks
  5 swamp worms (Lair:4)
  Duvessa (D:5)
  12 water moccasins
  15 porcupines
  Purgy (D:4)
  5 orc warriors
  A swamp drake (D:11)
  5 sky beasts
  2 black bears
  A necrophage (D:7)
  5 ice beasts
  A phantom (D:8)
  11 wolves
  9 ogres
  7 centaurs
  18 crocodiles
  23 bullfrogs
  2 big kobolds
  A gnoll sergeant (D:9)
  A water moccasin zombie (D:9)
  4 scorpions
  Dowan (D:5)
  6 killer bees
  2 vampire bats (D:4)
  5 electric eels
  4 howler monkeys
  6 crimson imps
  2 bullfrog zombies
  A centaur zombie (D:12)
  11 orc priests
  Crazy Yiuf (D:6)
  2 jellies
  A bullfrog skeleton (D:6)
  3 centaur skeletons
  3 hounds
  3 iguanas
  11 orc wizards
  A gnoll shaman (D:4)
  Ijyb (D:5)
  9 worker ants
  3 hound zombies
  3 hound skeletons
  A worker ant zombie (D:9)
  15 adders
  18 gnolls
  4 shadow imps
  3 white imps (Lair:5)
  2 worms
  3 dart slugs
  4 leopard geckos
  45 orcs
  2 bat skeletons (D:4)
  3 bat zombies (D:4)
  8 giant cockroaches
  12 goblins
  9 hobgoblins
  6 jackals
  3 quokkas
  A ball python (D:3)
  5 bats
  5 frilled lizards
  14 kobolds
  11 rats
  A butterfly (Lair:1)
  A fungus (Lair:4)
  A plant (Lair:1)
543 creatures vanquished.

Vanquished Creatures (others)
  A harpy (Lair:6)
  A komodo dragon (D:11)
  A centaur (D:9)
  An orc (D:8)
  A kobold (D:8)
  A bush (Lair:3)
  8 fungi
  6 plants
20 creatures vanquished.

Grand Total: 563 creatures vanquished

Notes
Turn   | Place    | Note
-------+----------+-------------------------------------------
     0 | D:1      | GrunderHorse the Gnoll Fighter began the quest for the Orb.
     0 | D:1      | Reached XP level 1. HP: 23/23 MP: 1/1
   112 | D:1      | Reached XP level 2. HP: 29/29 MP: 2/2
   324 | D:1      | Reached XP level 3. HP: 33/35 MP: 3/3
   675 | D:2      | Reached skill level 1 in Invocations
  1036 | D:2      | Reached skill level 1 in Short Blades
  1036 | D:2      | Reached skill level 1 in Axes
  1036 | D:2      | Reached skill level 1 in Maces & Flails
  1036 | D:2      | Reached skill level 1 in Polearms
  1036 | D:2      | Reached skill level 1 in Staves
  1036 | D:2      | Reached skill level 1 in Slings
  1036 | D:2      | Reached skill level 1 in Bows
  1036 | D:2      | Reached skill level 1 in Crossbows
  1036 | D:2      | Reached skill level 1 in Throwing
  1036 | D:2      | Reached skill level 1 in Dodging
  1036 | D:2      | Reached skill level 1 in Stealth
  1036 | D:2      | Reached skill level 1 in Unarmed Combat
  1036 | D:2      | Reached skill level 1 in Spellcasting
  1036 | D:2      | Reached skill level 1 in Evocations
  1036 | D:2      | Reached XP level 4. HP: 41/41 MP: 5/5
  1833 | D:2      | Reached skill level 1 in Conjurations
  1833 | D:2      | Reached skill level 1 in Hexes
  1833 | D:2      | Reached skill level 1 in Charms
  1833 | D:2      | Reached skill level 1 in Summonings
  1833 | D:2      | Reached skill level 1 in Necromancy
  1833 | D:2      | Reached skill level 1 in Translocations
  1833 | D:2      | Reached skill level 1 in Transmutations
  1833 | D:2      | Reached skill level 1 in Fire Magic
  1833 | D:2      | Reached skill level 1 in Ice Magic
  1833 | D:2      | Reached skill level 1 in Air Magic
  1833 | D:2      | Reached skill level 1 in Earth Magic
  1833 | D:2      | Reached skill level 1 in Poison Magic
  2152 | D:3      | Reached XP level 5. HP: 33/47 MP: 6/6
  2706 | D:3      | Reached XP level 6. HP: 25/53 MP: 8/8
  3614 | D:4      | Noticed Purgy
  3623 | D:4      | Killed Purgy
  3623 | D:4      | Reached skill level 5 in Long Blades
  3895 | D:4      | Reached XP level 7. HP: 44/59 MP: 10/10
  3905 | D:4      | Got a glittering brass ring
  4082 | D:4      | Identified the ring "Woolaec" {rElec Dex+6 SInv} (You took it off a gnoll on level 4 of the Dungeon)
  4238 | D:4      | Found an ancient bone altar of Kikubaaqudgha.
  4536 | D:5      | Entered Level 5 of the Dungeon
  4537 | D:5      | Noticed Ajohnson's ghost (novice GrFi)
  4550 | D:5      | Noticed Duvessa
  4550 | D:5      | Noticed Dowan
  4563 | D:5      | Killed Dowan
  4579 | D:5      | Killed Duvessa
  4791 | D:5      | Noticed Ijyb
  4799 | D:5      | Killed Ijyb
  4854 | D:5      | Reached XP level 8. HP: 54/67 MP: 12/12
  4951 | D:5      | Noticed Eustachio
  4971 | D:5      | Killed Ajohnson's ghost
  4976 | D:5      | Killed Eustachio
  5285 | D:5      | Noticed Pikel
  5309 | D:5      | Killed Pikel
  5309 | D:5      | Reached XP level 9. HP: 73/73 MP: 14/14
  5613 | D:6      | Found a staircase to the Ecumenical Temple.
  5650 | Temple   | Entered the Ecumenical Temple
  5671 | Temple   | Became a worshipper of Warmaster Okawaru
  6306 | D:6      | Found a runed door.
  6310 | D:6      | Noticed Crazy Yiuf
  6317 | D:6      | Killed Crazy Yiuf
  7749 | D:8      | Reached skill level 5 in Invocations
  7803 | D:8      | Found Bearcha's Assorted Antiques.
  7810 | D:8      | Reached * piety under Okawaru
  7863 | D:8      | Noticed Morgon's ghost (journeyman DrMo)
  7979 | D:8      | Killed Morgon's ghost
  7979 | D:8      | Reached ** piety under Okawaru
  7979 | D:8      | Reached XP level 10. HP: 73/79 MP: 15/17
  7984 | D:8      | Reached skill level 5 in Short Blades
  7984 | D:8      | Reached skill level 5 in Axes
  7984 | D:8      | Reached skill level 5 in Maces & Flails
  7984 | D:8      | Reached skill level 5 in Polearms
  7984 | D:8      | Reached skill level 5 in Staves
  7984 | D:8      | Reached skill level 5 in Slings
  7984 | D:8      | Reached skill level 5 in Bows
  7984 | D:8      | Reached skill level 5 in Crossbows
  7984 | D:8      | Reached skill level 5 in Throwing
  7984 | D:8      | Reached skill level 5 in Dodging
  7984 | D:8      | Reached skill level 5 in Stealth
  7984 | D:8      | Reached skill level 5 in Unarmed Combat
  7984 | D:8      | Reached skill level 5 in Spellcasting
  7984 | D:8      | Reached skill level 5 in Evocations
  8534 | D:9      | Noticed a lindwurm
  8547 | D:9      | Noticed a lindwurm
  8587 | D:9      | Noticed a lindwurm
  8589 | D:9      | Noticed a lindwurm
  8909 | D:9      | Reached *** piety under Okawaru
  9053 | D:9      | Found a staircase to the Orcish Mines.
  9157 | D:9      | Noticed bande's ghost (journeyman GrFi)
  9903 | D:9      | Killed a lindwurm
  9903 | D:9      | Reached XP level 11. HP: 87/87 MP: 19/19
  9905 | D:9      | Killed a lindwurm
  9905 | D:9      | Reached **** piety under Okawaru
  9915 | D:9      | Killed a lindwurm
  9917 | D:9      | Killed a lindwurm
  9934 | D:9      | Got a brightly glowing brass amulet
  9942 | D:9      | Got a faintly glowing wooden ring
  9945 | D:9      | Identified the amulet "Yrghi" {Spirit Str+3 Dex+5 Stlth-} (You found it on level 9 of the Dungeon)
  9947 | D:9      | Identified the ring of Nepteagh {Ice +Fly Str+3 Int-2} (You found it on level 9 of the Dungeon)
 10120 | D:10     | Entered Level 10 of the Dungeon
 10123 | D:10     | Found Salaoxtyrch's Antique Armour Shop.
 10132 | D:10     | Bought a glowing helmet for 255 gold pieces
 10186 | D:10     | Reached skill level 5 in Conjurations
 10186 | D:10     | Reached skill level 5 in Hexes
 10186 | D:10     | Reached skill level 5 in Charms
 10186 | D:10     | Reached skill level 5 in Summonings
 10186 | D:10     | Reached skill level 5 in Necromancy
 10186 | D:10     | Reached skill level 5 in Translocations
 10186 | D:10     | Reached skill level 5 in Transmutations
 10186 | D:10     | Reached skill level 5 in Fire Magic
 10186 | D:10     | Reached skill level 5 in Ice Magic
 10186 | D:10     | Reached skill level 5 in Air Magic
 10186 | D:10     | Reached skill level 5 in Earth Magic
 10186 | D:10     | Reached skill level 5 in Poison Magic
 10560 | D:10     | Noticed an unseen horror
 10583 | D:10     | Killed an unseen horror
 10583 | D:10     | Reached ***** piety under Okawaru
 11349 | D:11     | Received a gift from Okawaru
 11378 | D:11     | Found a staircase to the Lair.
 11719 | D:11     | Found a flagged portal.
 11722 | D:11     | Noticed a four-headed hydra
 11872 | D:11     | Gained mutation: You are partially covered in iridescent scales. (AC +2) [potion of mutation]
 11872 | D:11     | Gained mutation: You evolve. [potion of mutation]
 11908 | D:11     | Killed a four-headed hydra
 12165 | D:12     | Reached XP level 12. HP: 85/96 MP: 20/22
 12202 | D:12     | Received a gift from Okawaru
 12350 | D:12     | Noticed Taba's ghost (journeyman HOMo)
 12610 | D:12     | Gained mutation: You are clumsy. (Dex -2) [evolution]
 14099 | D:13     | Gained mutation: You are covered in fur. (AC +1) [evolution]
 14139 | D:13     | Noticed a two-headed ogre
 14147 | D:13     | Killed a two-headed ogre
 14921 | Lair:1   | Entered Level 1 of the Lair of Beasts
 15136 | Lair:1   | Noticed an eight-headed hydra
 15164 | Lair:1   | Killed an eight-headed hydra
 15164 | Lair:1   | Received a gift from Okawaru
 15167 | Lair:1   | Got a jewelled longbow {god gift}
 15175 | Lair:1   | Identified the +3 longbow of Massacring {flame, MR- MP+9 Str+4 SInv} (Okawaru gifted it to you on level 1 of the Lair of Beasts)
 15595 | Lair:1   | Reached skill level 10 in Fighting
 15595 | Lair:1   | Reached skill level 10 in Armour
 15595 | Lair:1   | Reached skill level 10 in Shields
 15781 | Lair:1   | Gained mutation: You passively map a small area around you. [evolution]
 16300 | Lair:2   | Got a spiked leather armour
 16311 | Lair:2   | Identified the +3 leather armour "Tygauvvus" {+Inv rC+ Str+6} (You found it on level 2 of the Lair of Beasts)
 16338 | Lair:2   | Found a hole to the Spider Nest.
 16352 | Lair:2   | Reached XP level 13. HP: 77/103 MP: 18/24
 16450 | Lair:2   | Noticed Harold
 16476 | Lair:2   | Killed Harold
 16768 | Lair:2   | Received a gift from Okawaru
 16950 | Lair:2   | Noticed Gastronok
 16978 | Lair:2   | Killed Gastronok
 16978 | Lair:2   | Reached ****** piety under Okawaru
 16978 | Lair:2   | Received a gift from Okawaru
 17576 | Lair:3   | Received a gift from Okawaru
 17787 | Lair:3   | Got a fine marble ring
 18254 | Lair:3   | Received a gift from Okawaru
 18283 | Lair:3   | Gained mutation: You tend to lose your temper in combat. [evolution]
 18283 | Lair:3   | Lost mutation: You evolve. [end of evolution]
 18539 | Lair:3   | Received a gift from Okawaru
 18688 | Lair:3   | Identified the ring "Cetetz" {rElec rC+ MR+ Dex+8} (You found it on level 3 of the Lair of Beasts)
 19316 | Lair:4   | Noticed Snorg
 19335 | Lair:4   | Killed Snorg
 19755 | Lair:4   | Found a staircase to the Swamp.
 19932 | Lair:5   | Reached XP level 14. HP: 108/111 MP: 26/26
 20116 | Lair:5   | Received a gift from Okawaru
 20143 | Lair:5   | Reached skill level 10 in Long Blades
 20394 | Lair:5   | Received a gift from Okawaru
 20408 | Lair:5   | Got a shimmering fustibalus {god gift}
 20420 | Lair:6   | Entered Level 6 of the Lair of Beasts
 22591 | Lair:6   | Received a gift from Okawaru
 22591 | Lair:6   | Reached skill level 10 in Invocations
 22789 | Lair:6   | Received a gift from Okawaru
 22807 | Lair:6   | Noticed Josephine
 22838 | Lair:6   | Killed Josephine
 24947 | Lair:6   | Killed from afar by a rime drake

Skill      XL: |  1  2  3  4  5  6  7  8  9 10 11 12 13 14 |
---------------+-------------------------------------------+-----
Invocations    | 1 2 3 4 5 6 7 8 9 10 | 10.3
Short Blades   | 1 2 3 4 5 6 7 8 9 |  9.5
Axes           | 1 2 3 4 5 6 7 8 9 |  9.5
Maces & Flails | 1 2 3 4 5 6 7 8 9 |  9.5
Polearms       | 1 2 3 4 5 6 7 8 9 |  9.5
Staves         | 1 2 3 4 5 6 7 8 9 |  9.5
Slings         | 1 2 3 4 5 6 7 8 9 |  9.5
Bows           | 1 2 3 4 5 6 7 8 9 |  9.5
Crossbows      | 1 2 3 4 5 6 7 8 9 |  9.5
Throwing       | 1 2 3 4 5 6 7 8 9 |  9.5
Dodging        | 1 2 3 4 5 6 7 8 9 |  9.5
Stealth        | 1 2 3 4 5 6 7 8 9 |  9.5
Unarmed Combat | 1 2 3 4 5 6 7 8 9 |  9.5
Spellcasting   | 1 2 3 4 5 6 7 8 9 |  9.5
Evocations     | 1 2 3 4 5 6 7 8 9 |  9.5
Conjurations   | 1 2 3 4 5 6 7 |  7.9
Hexes          | 1 2 3 4 5 6 7 |  7.9
Charms         | 1 2 3 4 5 6 7 |  7.9
Summonings     | 1 2 3 4 5 6 7 |  7.9
Necromancy     | 1 2 3 4 5 6 7 |  7.9
Translocations | 1 2 3 4 5 6 7 |  7.9
Transmutations | 1 2 3 4 5 6 7 |  7.9
Fire Magic     | 1 2 3 4 5 6 7 |  7.9
Ice Magic      | 1 2 3 4 5 6 7 |  7.9
Air Magic      | 1 2 3 4 5 6 7 |  7.9
Earth Magic    | 1 2 3 4 5 6 7 |  7.9
Poison Magic   | 1 2 3 4 5 6 7 |  7.9
Long Blades    | 5 6 7 8 9 10 | 10.5
Fighting       | 7 8 9 10 11 | 11.3
Armour         | 7 8 9 10 11 | 11.3
Shields        | 7 8 9 10 11 | 11.3

Action                   |  1- 3 |  4- 6 |  7- 9 | 10-12 | 13-15 || total
-------------------------+-------+-------+-------+-------+-------++-------
Melee: Long sword        |    14 |       |   224 |       |       ||   238
       Bite              |    16 |    62 |    95 |   291 |   362 ||   826
       Dagger            |    97 |   238 |       |       |       ||   335
       Staff             |       |   148 |    27 |       |       ||   175
       Mace              |       |       |   246 |   351 |       ||   597
       Whip              |       |       |       |   895 |  1325 ||  2220
       Quarterstaff      |       |       |       |       |    49 ||    49
Evoke: Wand              |       |     9 |       |    35 |    42 ||    86
       Lamp of fire      |       |       |       |       |     1 ||     1
  Use: Potion            |       |     2 |     6 |    10 |     8 ||    26
       Scroll            |       |       |     5 |     8 |    10 ||    23
 Stab: Invisible         |       |       |     6 |       |     7 ||    13
       Sleeping          |       |       |     2 |     7 |     8 ||    17
       Confused          |       |       |       |     2 |       ||     2
       Paralysed         |       |       |       |    24 |       ||    24
       Distracted        |       |       |       |       |     2 ||     2
  Eat: Chunk             |       |    10 |    10 |    28 |    19 ||    67
       Ration            |       |       |     1 |       |     3 ||     4
Armor: Scale mail        |    23 |   116 |    77 |       |       ||   216
       Chain mail        |       |       |    65 |   254 |       ||   319
       Ring mail         |       |       |       |    86 |   168 ||   254
       Leather armour    |       |       |       |       |   196 ||   196
Dodge: Dodged            |    20 |   116 |   103 |   550 |  1236 ||  2025
Block: Shield            |    47 |   217 |   276 |       |       ||   540
       Reflection        |       |       |     9 |     3 |       ||    12
       Buckler           |       |       |   117 |   785 |   994 ||  1896
       Rpst.: Long sword |     2 |       |    15 |       |       ||    17
